 Dungeon Crawl Stone Soup version 0.25-a0-35-g747a2b3c0c (webtiles) character file.

Game seed: 7974794843727968069, levelgen mode: deterministic

2974 dannynz the Cleaver (level 9, -1/79 HPs)
             Began as a Minotaur Berserker on Oct 18, 2019.
             Was an Elder of Trog.
             Slain by a hornet (5 damage)
             ... on level 8 of the Dungeon.
             The game lasted 00:40:37 (6732 turns).

dannynz the Cleaver (Minotaur Berserker)            Turns: 6732, Time: 00:40:37

Health: -1/79      AC: 11    Str: 34    XL:     9   Next: 53%
Magic:  8/8        EV: 14    Int:  7    God:    Trog [****..]
Gold:   312        SH:  0    Dex: 13    Spells: 8/8 levels left

rFire    . . .     SeeInvis +   a - +0 hand axe
rCold    . . .     Gourm    .   (no shield)
rNeg     . . .     Faith    .   l - +3 ring mail of Zaik {Str+4 Dex+3 SInv}
rPois    .         Spirit   .   (helmet restricted)
rElec    .         Reflect  .   (no cloak)
rCorr    .         Harm     .   (no gloves)
MR       .....                  q - +0 pair of boots
Stlth    +.........             s - amulet of magic regeneration
HPRegen  0.23/turn              (no ring)
MPRegen  0.36/turn              t - +3 ring of intelligence

@: mighty, lethally poisoned (-1 -> -1)
A: retaliatory headbutt, horns 2
a: Berserk, Trog's Hand, Brothers in Arms, Renounce Religion


You were on level 8 of the Dungeon.
You worshipped Trog.
Trog was greatly pleased with you.
You were not hungry.

You visited 1 branch of the dungeon, and saw 7 of its levels.

You collected 312 gold pieces.

Inventory:

Hand Weapons
 a - a +0 hand axe (weapon)
Armour
 b - a +0 animal skin
 e - a +0 scale mail
 h - a +0 ring mail
 l - the +3 ring mail of Zaik (worn) {Str+4 Dex+3 SInv}
   (You found it on level 6 of the Dungeon)

   It affects your strength (+4).
   It affects your dexterity (+3).
   It lets you see invisible.
 o - a +0 robe
 q - a +0 pair of boots (worn)
 u - a +0 scale mail
Jewellery
 s - an amulet of magic regeneration (around neck)
 t - a +3 ring of intelligence (right hand)
 y - an uncursed ring of wizardry {unknown}
Wands
 x - a wand of acid (8)
Scrolls
 d - 2 scrolls of fear
 f - 8 scrolls of remove curse
 i - 4 scrolls of identify
 v - a scroll of amnesia
 w - a scroll of magic mapping
 B - a scroll of blinking {unknown}
 C - a scroll of brand weapon {unknown}
 F - a scroll of summoning {unknown}
Potions
 g - a potion of resistance
 j - a potion of might
 k - 4 potions of degeneration {unknown}
 m - 2 potions of berserk rage {unknown}
 n - a potion of experience {unknown}
 p - a potion of haste {unknown}
 r - a potion of brilliance {unknown}
 z - a potion of invisibility {unknown}
 A - a potion of mutation {unknown}
 D - a potion of ambrosia {unknown}
Comestibles
 c - 9 rations
 E - 5 chunks of flesh


   Skills:
 + Level 7.2 Fighting
 + Level 11.1 Axes
 + Level 8.1 Armour
 + Level 5.5 Dodging
 + Level 1.8 Stealth


You had 8 spell levels left.
You didn't know any spells.
Your spell library was empty.

Dungeon Overview and Level Annotations

Branches:
Dungeon (8/15)             Temple (0/1) D:5
   Lair: D:8-11

Altars:
Nemelex Xobeh


Innate Abilities, Weirdness & Mutations

You reflexively headbutt those who attack you in melee.
You have a pair of horns on your head.


Message History

You feel sick.
You start resting.
You feel sick. x9
The hornet is too close now for your liking.
The hornet stings you.
* * * LOW HITPOINT WARNING * * *
You feel yourself slow down. The hornet stings you.
* * * LOW HITPOINT WARNING * * *
You feel as though you will be slow longer.
You closely miss the hornet. You headbutt the hornet!
The hornet is moderately wounded.
The hornet misses you.
You hit the hornet but do no damage.
The hornet is moderately wounded.
You feel yourself speed up.
The hornet stings you but does no damage.
The hornet completely misses you.
You hit the hornet. Your headbutt misses the hornet.
The hornet is heavily wounded.
You feel sick. The hornet stings you.
You die...

### ### #.. ..# #.#
######<##
###.####.......#
#......y(((....#
#.#.##.#@###...#
#.##.#.###.(.######
#.##.#.((()........
#.##.#####)).####..
#.##.#####....... #
#.##.....#...###..
#.#..............
#.#.##>.##.#...###
#...............


You could see a hornet.

Vanquished Creatures
  Sigmund (D:2)
  A steam dragon (D:8)
  2 water moccasins
  An ice beast (D:6)
  2 sky beasts
  4 ogres
  A centaur (D:7)
  A big kobold (D:8)
  Blork the orc (D:6)
  2 gnoll sergeants
  2 bullfrogs
  3 scorpions
  6 howler monkeys (D:7)
  2 crimson imps (D:7)
  3 hounds
  2 orc priests
  2 jellies
  4 orc wizards
  Jessica (D:2)
  3 hell rats (D:5)
  3 worker ants
  A killer bee zombie (D:6)
  A howler monkey zombie (D:6)
  15 gnolls
  7 adders
  4 river rats (D:5)
  2 shadow imps
  3 oozes
  An adder skeleton (D:7)
  2 adder zombies
  2 worms (D:2)
  A dart slug (D:3)
  5 leopard geckos
  16 orcs
  5 bats
  3 giant cockroaches
  9 goblins
  6 hobgoblins
  7 jackals
  5 quokkas
  3 frilled lizards
  15 kobolds
  A quokka zombie (D:1)
  22 rats
183 creatures vanquished.

Notes
Turn   | Place    | Note
-------+----------+-------------------------------------------
     0 | D:1      | dannynz the Minotaur Berserker began the quest for the Orb.
     0 | D:1      | Reached XP level 1. HP: 19/19 MP: 0/0
   112 | D:1      | Reached skill level 4 in Axes
   112 | D:1      | Reached XP level 2. HP: 24/27 MP: 1/1
  1138 | D:1      | Reached XP level 3. HP: 33/33 MP: 2/2
  1646 | D:2      | Reached XP level 4. HP: 40/40 MP: 3/3
  1649 | D:2      | Reached ** piety under Trog
  1770 | D:2      | Noticed Sigmund
  1784 | D:2      | Killed Sigmund
  1784 | D:2      | Reached skill level 5 in Axes
  1784 | D:2      | Reached XP level 5. HP: 22/47 MP: 4/4
  1873 | D:2      | Noticed Jessica
  1879 | D:2      | Killed Jessica
  1879 | D:2      | Reached XP level 6. HP: 37/55 MP: 5/5
  1996 | D:2      | Reached skill level 5 in Fighting
  2837 | D:3      | You fall into a shaft and drop 2 floors!
  2837 | D:5      | Entered Level 5 of the Dungeon
  2837 | D:5      | Noticed a water moccasin
  2848 | D:5      | Reached skill level 6 in Axes
  2851 | D:5      | Killed a water moccasin
  3087 | D:5      | Reached skill level 5 in Armour
  3087 | D:5      | Reached XP level 7. HP: 34/61 MP: 6/6
  3583 | D:5      | Found the +2 ratskin cloak {+Rats rPois rN+ Str-1 Int-1
                  | Dex+1}
  3598 | D:5      | Reached *** piety under Trog
  3600 | D:5      | Reached skill level 7 in Axes
  3617 | D:5      | Reached skill level 1 in Stealth
  3977 | D:5      | Found a staircase to the Ecumenical Temple.
  4289 | D:5      | Found a sparkling altar of Nemelex Xobeh.
  4389 | D:6      | Noticed Blork the orc
  4443 | D:6      | Got a jewelled ring mail
  4446 | D:6      | Identified the +3 ring mail of Zaik {Str+4 Dex+3 SInv} (You
                  | found it on level 6 of the Dungeon)
  4583 | D:6      | Killed Blork the orc
  4585 | D:6      | Reached XP level 8. HP: 64/70 MP: 7/7
  4603 | D:6      | Reached skill level 8 in Axes
  5066 | D:6      | Reached skill level 9 in Axes
  5221 | D:7      | Reached **** piety under Trog
  5424 | D:7      | Reached XP level 9. HP: 69/78 MP: 8/8
  5532 | D:7      | Reached skill level 10 in Axes
  5598 | D:7      | Reached skill level 5 in Dodging
  6548 | D:8      | Reached skill level 11 in Axes
  6732 | D:8      | Slain by a hornet

Levels and vault maps discovered:
D:1:      saegor_arrival_fortress, layout_basic
D:2:      layout_basic, minmay_octomino_c4, uniq_jessica, uniq_sigmund
D:3:      layout_basic
D:5:      wander_guarded_unrand_ratskin, layout_cave_pods, marbit_many_paths,
          minmay_temple_entry_sparse_star
D:6:      layout_rooms, st_stairs_4, uniq_blork_the_orc
D:7:      layout_rooms
D:8:      layout_loops_ring

Skill      XL: |  1  2  3  4  5  6  7  8  9 |
---------------+----------------------------+-----
Axes           | 4 5 6 7 9 11 | 11.1
Fighting       | 4 5 6 7 |  7.2
Dodging        | 3 4 5 |  5.5
Armour         | 3 5 6 7 8 |  8.1
Stealth        | 1 |  1.8

Action                   |  1- 3 |  4- 6 |  7- 9 || total
-------------------------+-------+-------+-------++-------
Melee: Hand axe          |    84 |   116 |   352 ||   552
       Headbutt          |    13 |    20 |    81 ||   114
  Use: Scroll            |       |     2 |     5 ||     7
       Potion            |       |       |     3 ||     3
  Eat: Chunk             |     2 |     4 |     9 ||    15
       Ration            |       |       |     1 ||     1
Armor: Animal skin       |     4 |       |       ||     4
       Scale mail        |    21 |    36 |    36 ||    93
       Ring mail         |       |       |    75 ||    75
Dodge: Dodged            |    56 |    73 |   196 ||   325

Table legend:
 A = Non-vault XP
 B = Vault XP
 C = Vault XP percentage of total XP
 D = Non-vault monster count
 E = Vault monster count
 F = Vault count percentage of total count
                 A         B        C        D         E       F
            +---------+---------+-------+---------+---------+-------
      Total |    3677 |     572 |  13.5 |     148 |      35 |  19.1
            +---------+---------+-------+---------+---------+-------
        D:1 |      36 |       6 |  14.3 |      21 |       2 |   8.7
        D:2 |      62 |     292 |  82.5 |      17 |       9 |  34.6
        D:3 |      77 |       0 |   0.0 |      14 |       0 |   0.0
        D:5 |     539 |     176 |  24.6 |      16 |      22 |  57.9
        D:6 |     870 |      98 |  10.1 |      15 |       2 |  11.8
        D:7 |    1564 |       0 |   0.0 |      42 |       0 |   0.0
        D:8 |     529 |       0 |   0.0 |      23 |       0 |   0.0
            +---------+---------+-------+---------+---------+-------
